 Dungeon Crawl Stone Soup version 0.21.1-1-g345015f (webtiles) character file.

9802 aMcNicky the Cleaver (level 11, 0/91 HPs)
             Began as a Minotaur Chaos Knight on Mar 12, 2018.
             Slain by an ogre
             ... wielding a +0 giant club
              (21 damage)
             ... on level 1 of the Orcish Mines.
             The game lasted 00:27:44 (10168 turns).

aMcNicky the Cleaver (Minotaur Chaos Knight)       Turns: 10168, Time: 00:27:46

Health: 0/91       AC: 20    Str: 24    XL:     11   Next: 27%
Magic:  8/8        EV:  8    Int: 14    God:    Xom [......]
Gold:   677        SH:  0    Dex: 13    Spells: 10/10 levels left

rFire    . . .     SeeInvis .   a - +0 battleaxe (elec)
rCold    + . .     Gourm    .   (shield currently unavailable)
rNeg     . . .     Faith    .   p - +0 plate armour
rPois    .         Spirit   .   (helmet restricted)
rElec    .         Reflect  .   u - +1 cloak
rCorr    .         Harm     .   e - +2 pair of gloves
MR       .....                  (no boots)
Stlth    ..........             (no amulet)
HPRegen  0.25/turn              d - ring of Cownaoto {Ice Dex+5}
MPRegen  0.11/turn              v - +5 ring of intelligence

@: no status effects
A: retaliatory headbutt, horns 2, clumsy 1, fire resistance 1, frail 1, low mp
1, strong 2, MP-powered wands
a: Renounce Religion


You were on level 1 of the Orcish Mines.
You worshipped Xom.
You were a very special plaything of Xom.
You were not hungry.

You visited 3 branches of the dungeon, and saw 11 of its levels.

You collected 677 gold pieces.

Inventory:

Hand Weapons
 a - a +0 battleaxe of electrocution (weapon)
 b - a +0 hand axe of chaos
Armour
 e - a +2 pair of gloves (worn)
 p - a +0 plate armour (worn)
 u - a +1 cloak (worn)
 C - a +0 pair of gloves
Jewellery
 d - the ring of Cownaoto (left hand) {Ice Dex+5}
   (You found it on level 6 of the Dungeon)

   [ring of ice]

   It enhances your ice magic.
   It affects your dexterity (+5).
   It makes you vulnerable to fire.
   It protects you from cold.
 r - an uncursed ring of wizardry
 v - a +5 ring of intelligence (right hand)
 B - an uncursed ring of protection from cold
 J - a cursed -4 ring of intelligence
Wands
 y - a wand of random effects (20)
 E - a wand of iceblast (28)
 H - a wand of polymorph (16)
 I - a wand of paralysis (11)
 L - a wand of digging (5)
Scrolls
 g - a scroll of immolation {unknown}
 h - a scroll of enchant weapon {unknown}
 i - 4 scrolls of remove curse {@r2}
 k - a scroll of magic mapping
 n - a scroll of fear
 q - 7 scrolls of teleportation
 s - 2 scrolls of fog {unknown}
 t - 2 scrolls of enchant armour {unknown}
 w - a scroll of vulnerability {unknown}
 z - a scroll of noise {unknown}
 D - a scroll of blinking {unknown}
 G - 3 scrolls of amnesia
Potions
 f - a potion of resistance
 j - a potion of curing {@q1}
 l - 2 potions of agility {unknown}
 m - 2 potions of magic {unknown}
 o - a potion of flight {unknown}
 A - a potion of ambrosia {unknown}
 K - a potion of cancellation {unknown}
 M - 2 potions of brilliance {unknown}
Books
 F - a book of Necromancy

   Spells                             Type                      Level
   a - Pain                           Necromancy                   1
   b - Animate Skeleton               Necromancy                   1
   c - Vampiric Draining              Necromancy                   3
   d - Regeneration                   Charms/Necromancy            3
   e - Animate Dead                   Necromancy                   4
   f - Borgnjor's Vile Clutch         Necromancy/Earth             5
Comestibles
 c - 8 rations


   Skills:
 + Level 11.1 Fighting
 * Level 14.6 Axes
 + Level 10.8 Armour
 - Level 1.5 Dodging


You had 10 spell levels left.
You didn't know any spells.

Dungeon Overview and Level Annotations

Branches:
Dungeon (9/15)             Temple (0/1) D:6            Lair (1/6) D:9
    Orc (1/2) D:9

Altars:
Ashenzari
Cheibriados
Elyvilon
Fedhas
Makhleb
Qazlal
Sif Muna
Wu Jian
Xom
Beogh

Shops:
D:4 (=[[?

Annotations:
D:5 exclusion: oklob plant
Orc:1 2 runed doors, exclusion: orange crystal statue, Urug


Innate Abilities, Weirdness & Mutations

You reflexively headbutt those who attack you in melee.
You have a pair of horns on your head.
You are clumsy. (Dex -2)
Your flesh is heat resistant. (rF+)
You are frail. (-10% HP)
Your magical capacity is low. (-10% MP)
Your muscles are very strong. (Str +4)
You expend magic power (3 MP) to strengthen your wands.


Message History

The wraith is heavily damaged.
The wraith hits you but does no damage. x2
You barely miss the wraith.
The wraith is heavily damaged.
The wraith hits you but does no damage.
You slice the wraith!! Lightning courses through the wraith!
You destroy the wraith!
You start resting.
You feel yourself speed up.
All of the chunks of flesh in your inventory have rotted away.
You start resting.
An ogre comes into view. It is wielding a giant club.
The ogre shouts!
You closely miss the ogre. You headbutt the ogre!
The ogre is moderately wounded.
The ogre completely misses you.
You hit the ogre but do no damage. Lightning courses through the ogre!
The ogre is severely wounded.
The ogre hits you with a giant club!!
You die...

.. ###..#.#...#. ...
#....#....... ..###
#....#...[... #.#.
##...#o...... ###..##
####..#.#...#
.....####.#...#8.....
#...##......####+###
##..###.............
#.$.@##.............
#.$.....#O........$..#..
##......................
##..##.#...#.###..#.#.#
### ######### ##### #


You could see an ogre.

Vanquished Creatures
  Josephine (Orc:1)
  2 two-headed ogres
  Joseph (D:8)
  A troll (D:6)
  Sigmund (D:3)
  4 wraiths (Orc:1)
  2 basilisks (D:9)
  2 hungry ghosts
  4 porcupines (D:9)
  7 orc warriors
  6 black bears
  A sky beast (D:6)
  6 ice beasts
  An ogre (Orc:1)
  An eye of draining (D:9)
  2 phantoms
  A wolf (D:9)
  A centaur (D:8)
  2 crocodiles (D:9)
  A big kobold (D:9)
  Blork the orc (D:6)
  7 bullfrogs
  2 scorpions
  10 killer bees
  3 howler monkeys
  7 crimson imps
  A centaur zombie (D:7)
  2 bullfrog zombies
  4 jellies
  2 hounds
  9 orc priests
  Crazy Yiuf (D:2)
  A gnoll shaman (D:6)
  A centaur skeleton (D:6)
  Jessica (D:2)
  4 iguanas
  9 orc wizards
  7 worker ants
  2 worker ant zombies (D:6)
  22 gnolls
  11 adders
  2 shadow imps
  An ooze (D:4)
  5 worms
  4 dart slugs
  3 leopard geckos
  42 orcs
  2 ball pythons
  6 bats
  22 giant cockroaches
  5 goblins
  6 hobgoblins
  10 jackals
  4 quokkas
  3 frilled lizards
  10 kobolds
  9 rats
  2 plants (D:9)
290 creatures vanquished.

Notes
Turn   | Place    | Note
-------+----------+-------------------------------------------
     0 | D:1      | aMcNicky the Minotaur Chaos Knight began the quest for the Orb.
     0 | D:1      | Reached XP level 1. HP: 19/19 MP: 0/0
   230 | D:1      | Reached XP level 2. HP: 27/27 MP: 1/1
   391 | D:1      | XOM: mild Erth miscast
   439 | D:1      | Reached skill level 4 in Axes
   537 | D:2      | XOM: divination: detect items
   598 | D:2      | Reached XP level 3. HP: 27/33 MP: 2/2
   752 | D:2      | XOM: divination: detect items
   882 | D:2      | Noticed Jessica
   885 | D:2      | XOM: divination: detect creatures
   896 | D:2      | XOM: butterfly on damage
   897 | D:2      | Killed Jessica
   897 | D:2      | Reached XP level 4. HP: 32/41 MP: 3/3
  1042 | D:2      | Found a burning altar of Makhleb.
  1061 | D:2      | Found a shattered altar of Ashenzari.
  1138 | D:2      | Reached skill level 5 in Axes
  1192 | D:2      | Found a runed door.
  1196 | D:2      | Noticed Crazy Yiuf
  1206 | D:2      | Killed Crazy Yiuf
  1554 | D:2      | Reached XP level 5. HP: 46/47 MP: 4/4
  1749 | D:3      | Found an ornate altar of the Wu Jian Council.
  1828 | D:3      | XOM: god gift: runed battleaxe {god gift}
  1931 | D:3      | Noticed Sigmund
  1951 | D:3      | XOM: scenery: create altars
  1952 | D:3      | XOM: scenery: create altars
  1954 | D:3      | Killed Sigmund
  1954 | D:3      | Reached skill level 5 in Fighting
  1954 | D:3      | Reached skill level 6 in Axes
  1954 | D:3      | Reached XP level 6. HP: 36/56 MP: 5/5
  2248 | D:3      | XOM: scenery: create altars
  2266 | D:3      | XOM: scenery: create altars
  2344 | D:4      | Found Detz's Armour Emporium.
  2425 | D:4      | Found Burauten's Weapon Boutique.
  2518 | D:4      | XOM: give mutations
  2518 | D:4      | Gained mutation: You evolve. [Xom's grace]
  2518 | D:4      | Gained mutation: You are robust. (+10% HP) [Xom's grace]
  2518 | D:4      | Gained mutation: Your muscles are strong. (Str +2) [Xom's grace]
  2523 | D:4      | Reached skill level 7 in Axes
  2643 | D:4      | Found Laf Odd's Armour Shoppe.
  2652 | D:4      | Found Vatest's Jewellery Boutique.
  2676 | D:4      | Reached skill level 5 in Armour
  2676 | D:4      | Reached XP level 7. HP: 59/68 MP: 6/6
  2795 | D:4      | Found Oploet's Magic Scroll Shoppe.
  2868 | D:4      | Found a stormy altar of Qazlal.
  2963 | D:4      | Gained mutation: You rapidly evolve. [evolution]
  2963 | D:4      | Lost mutation: You rapidly evolve. [decline of evolution]
  2982 | D:4      | XOM: 4-stop teleportation journey
  3037 | D:4      | XOM: cast spell 'Summon Small Mammal'
  3070 | D:4      | XOM: scenery: create altars
  3334 | D:4      | Found a white marble altar of Elyvilon.
  3365 | D:5      | Entered Level 5 of the Dungeon
  3414 | D:5      | Reached skill level 8 in Axes
  3513 | D:5      | XOM: give mutations
  3513 | D:5      | Gained mutation: You are partially covered in thin metallic scales. (AC +2) [Xom's grace]
  3513 | D:5      | Gained mutation: Your muscles are very strong. (Str +4) [Xom's grace]
  3540 | D:5      | Found a snail-covered altar of Cheibriados.
  3695 | D:5      | XOM: noise
  3913 | D:5      | XOM: noise
  3932 | D:5      | Found a blossoming altar of Fedhas.
  3947 | D:5      | Noticed an oklob plant
  3979 | D:5      | XOM: medium Conj miscast
  4112 | D:5      | XOM: blink monster(s)
  4176 | D:5      | XOM is BORED!
  4176 | D:5      | XOM: give mutations
  4176 | D:5      | Lost mutation: You are partially covered in thin metallic scales. (AC +2) [Xom's mischief]
  4176 | D:5      | Gained mutation: Your magical capacity is low. (-10% MP) [Xom's mischief]
  4176 | D:5      | Lost mutation: You are robust. (+10% HP) [Xom's mischief]
  4176 | D:5      | Gained mutation: Your flesh is heat resistant. (rF+) [Xom's mischief]
  4347 | D:6      | XOM: give mutations
  4347 | D:6      | Gained mutation: You are frail. (-10% HP) [Xom's mischief]
  4347 | D:6      | Gained mutation: You expend magic power (3 MP) to strengthen your wands. [Xom's mischief]
  4347 | D:6      | Lost mutation: You evolve. [Xom's mischief]
  4410 | D:6      | Reached XP level 8. HP: 49/63 MP: 6/6
  4414 | D:6      | Noticed Blork the orc
  4430 | D:6      | Killed Blork the orc
  4435 | D:6      | Reached skill level 9 in Axes
  4636 | D:6      | Noticed a troll
  4638 | D:6      | XOM: swap monsters
  4644 | D:6      | Killed a troll
  4674 | D:6      | Reached skill level 10 in Axes
  4955 | D:6      | XOM: smoke on damage
  4958 | D:6      | Reached XP level 9. HP: 62/72 MP: 7/7
  4976 | D:6      | Got a pitted bone ring
  4979 | D:6      | Identified the ring of Cownaoto {Ice Dex+5} (You found it on level 6 of the Dungeon)
  5133 | D:6      | Found a staircase to the Ecumenical Temple.
  5746 | D:7      | XOM: silly message
  5752 | D:7      | XOM: blink monster(s)
  5904 | D:6      | Reached skill level 11 in Axes
  6052 | D:6      | XOM: give mutations
  6052 | D:6      | Gained mutation: Armour fits poorly on your strangely shaped body. [Xom's mischief]
  6052 | D:6      | Gained mutation: You are clumsy. (Dex -2) [Xom's mischief]
  6052 | D:6      | Lost mutation: Armour fits poorly on your strangely shaped body. [Xom's mischief]
  6115 | D:6      | XOM: noise
  6348 | D:7      | XOM: potion effect (might)
  6423 | D:7      | XOM: mild Pois miscast
  6631 | D:7      | Found a shimmering altar of Xom.
  7155 | D:8      | Reached skill level 12 in Axes
  7292 | D:8      | XOM: enchant monster (bad)
  7553 | D:8      | Reached XP level 10. HP: 78/81 MP: 8/8
  7628 | D:8      | XOM: summons 10 friendly demons
  7930 | D:8      | Noticed Joseph
  7944 | D:8      | XOM: noise
  7949 | D:8      | Killed Joseph
  7966 | D:8      | Noticed a two-headed ogre
  7970 | D:8      | Killed a two-headed ogre
  7970 | D:8      | Reached skill level 13 in Axes
  8370 | D:9      | XOM: polymorph crocodile -> black bear
  8374 | D:9      | XOM: fog
  8375 | D:9      | Reached skill level 10 in Fighting
  8456 | D:9      | Found a staircase to the Lair.
  8456 | D:9      | XOM: swap monsters
  8471 | Lair:1   | Entered Level 1 of the Lair of Beasts
  8749 | D:9      | XOM: enchant monster (bad)
  8751 | D:9      | Reached skill level 10 in Armour
  8880 | D:9      | XOM: fog
  8989 | D:9      | Reached skill level 14 in Axes
  9078 | D:9      | Found a deep blue altar of Sif Muna.
  9093 | D:9      | Noticed a two-headed ogre
  9098 | D:9      | Killed a two-headed ogre
  9098 | D:9      | Reached XP level 11. HP: 55/90 MP: 8/8
  9159 | D:9      | XOM: summons 1 hostile demon
  9352 | D:9      | Found a staircase to the Orcish Mines.
  9675 | D:9      | Found a roughly hewn altar of Beogh.
  9680 | D:9      | XOM: 1-stop teleportation journey
  9740 | D:9      | XOM: fog
  9906 | Orc:1    | Entered Level 1 of the Orcish Mines
 10057 | Orc:1    | Found a runed door.
 10063 | Orc:1    | Found the +10 large shield of Ignorance {rN+ Int-4}
 10072 | Orc:1    | Found a runed door.
 10072 | Orc:1    | Noticed an orange crystal statue
 10072 | Orc:1    | Noticed Urug
 10091 | Orc:1    | Noticed Josephine
 10105 | Orc:1    | Killed Josephine
 10111 | Orc:1    | XOM: confuse monster(s)
 10168 | Orc:1    | Slain by an ogre

Skill      XL: |  1  2  3  4  5  6  7  8  9 10 11 |
---------------+----------------------------------+-----
Axes           | 4 5 6 7 8 10 12 14 | 14.6
Fighting       | 4 5 6 7 9 10 11 | 11.1
Armour         | 3 4 5 6 7 9 10 | 10.8
Dodging        | |  1.5

Action                   |  1- 3 |  4- 6 |  7- 9 | 10-12 || total
-------------------------+-------+-------+-------+-------++-------
Melee: Hand axe          |    95 |    56 |    40 |       ||   191
       Headbutt          |    10 |    16 |    60 |    35 ||   121
       Battleaxe         |       |    56 |   321 |   164 ||   541
  Use: Scroll            |       |     3 |     6 |     4 ||    13
       Potion            |       |       |     3 |     2 ||     5
 Stab: Confused          |       |       |       |     2 ||     2
  Eat: Chunk             |       |     2 |     4 |     4 ||    10
       Ration            |       |     1 |     4 |     2 ||     7
Armor: Leather armour    |    41 |       |       |       ||    41
       Plate armour      |    14 |    81 |   324 |   125 ||   544
Dodge: Dodged            |    64 |    40 |   156 |    58 ||   318
